 Dungeon Crawl Stone Soup version 0.31-a0-1338-gb567cfdca4 (webtiles) character file.

Game seed: 17897768206607018036

18505 Fodor the Severer (level 12, -7/168 HPs)
             Began as a Minotaur Fighter on Dec 20, 2023.
             Was an Initiate of Gozag.
             Killed by divine providence
             ... invoked by an orc high priest
              (12 damage)
             ... on level 2 of the Orcish Mines on Dec 21, 2023.
             The game lasted 01:18:07 (14165 turns).

Fodor the Severer (Minotaur Fighter)               Turns: 14165, Time: 01:18:08

Health: -7/168     AC: 26    Str: 24    XL:     12   Next: 28%
Magic:  20/20      EV:  2    Int:  5    God:    Gozag
Gold:   1864       SH:  0    Dex: 14    Spells: 11/11 levels left

rFire   . . .        f - +0 arbalest
rCold   + . .        (shield currently unavailable)
rNeg    + . .        G - melded +7 Kryia's mail coat {PotionHeal*2 rC+}
rPois   +            (helmet currently unavailable)
rElec   .            M - melded +1 cloak
rCorr   .            w - melded +0 pair of gloves
SInv    +            R - melded +1 pair of boots
Will    +....        l - amulet of the acrobat
Stlth   ++           K - ring "Saemelan" {rPois rC+ Dex+2 SInv}
HPRegen 0.48/turn    L - ring "Zoil" {rN+ MP+9}
MPRegen 0.17/turn

%: acrobat
@: mighty, brilliant, tree-form, marked, gold aura, enlightened, studying 2
skills
A: stationary, stasis, torment immunity, boosted hp, (horns 2), (retaliatory
headbutt)
a: Renounce Religion, Potion Petition, Call Merchant, Bribe Branch


You were on level 2 of the Orcish Mines.
You worshipped Gozag.
Gozag was most pleased with you.
You were a tree.
You visited 3 branches of the dungeon, and saw 16 of its levels.
You also visited: Ossuary.

You collected 2757 gold pieces.
You spent 758 gold pieces at shops.
You paid 135 gold pieces to Gozag.

Inventory:

Hand Weapons
 f - a +0 arbalest (weapon)
 y - a +2 broad axe of electrocution
 N - a +2 heavy morningstar
 O - a +1 battleaxe
 P - the +3 great sword of Distraction {freeze, *Noise rPois rC+ Will+}
   (You found it on level 11 of the Dungeon)

   rC+:       It protects you from cold.
   rPois:     It protects you from poison Will+: It increases your willpower.
   *Noise:    It may make a loud noise when swung.
Missiles
 c - 8 boomerangs
Armour
 d - a +0 plate armour
 w - a +0 pair of gloves (melded)
 G - the +7 Kryia's mail coat (melded) {PotionHeal*2 rC+}
   (You found it on level 9 of the Dungeon)

   PotionHeal*2: Potions heal its wearer twice as much.
   rC+:       It protects you from cold.
 J - a +0 kite shield
 M - a +1 cloak (melded)
 R - a +1 pair of boots (melded)
Jewellery
 l - an amulet of the acrobat (around neck)
 q - a +6 ring of dexterity
 D - a ring of protection from cold
 H - a ring of poison resistance
 K - the ring "Saemelan" (left branch) {rPois rC+ Dex+2 SInv}
   (You found it on level 10 of the Dungeon)

   [ring of see invisible]

   Dex+2:     It affects your dexterity (+2).
   rC+:       It protects you from cold.
   rPois:     It protects you from poison SInv: It lets you see invisible.
 L - the ring "Zoil" (right branch) {rN+ MP+9}
   (You found it on level 11 of the Dungeon)

   [ring of magical power]

   rN+:       It protects you from negative energy.
   MP+9:      It affects your magic capacity (+9).
Talismans
 a - a serpent talisman
 j - a maw talisman
 n - a blade talisman
Wands
 h - a wand of digging (5)
 v - a wand of paralysis (23)
 x - a wand of iceblast (15)
 B - a wand of flame (16)
 F - a wand of light (3)
Scrolls
 b - 4 scrolls of fear
 e - a scroll of revelation
 r - 5 scrolls of teleportation
 A - 3 scrolls of poison
 C - 3 scrolls of immolation
Potions
 g - 3 potions of ambrosia
 k - 2 potions of magic
 o - a potion of attraction
 z - 2 potions of lignification
 I - 3 potions of invisibility
Miscellaneous
 s - a condenser vane (inert)


   Skills:
 + Level 11.9 Fighting
 - Level 18.0(18.1) Axes
 + Level 4.3(12.5) Maces & Flails
 + Level 12.2 Armour
 + Level 5.4 Dodging
 + Level 2.1 Stealth
 + Level 8.7 Shields


You had 11 spell levels left.
You didn't know any spells.
Your spell library contained the following spells:

 Spells                   Type           Power      Damage    Failure   Level
 Shock                    Conj/Air       0%         1d3       47%         1
 Blink                    Tloc           0%         N/A       63%         2
 Ensorcelled Hibernation  Hex/Ice        0%         N/A       63%         2
 Lesser Beckoning         Tloc           0%         N/A       63%         2
 Mercury Vapours          Alch/Air       0%         N/A       63%         2
 Momentum Strike          Conj/Tloc      0%         3d8       63%         2
 Fugue of the Fallen      Necr           0%         N/A       85%         3
 Mephitic Cloud           Conj/Alch/Air  0%         N/A       85%         3
 Swiftness                Air            0%         N/A       85%         3
 Airstrike                Air            0%         2d(0-16)  99%         4
 Anguish                  Hex/Necr       0%         N/A       99%         4
 Leda's Liquefaction      Alch/Erth      0%         N/A       99%         4
 Freezing Cloud           Conj/Ice/Air   0%         6-21      100%        5
 Lee's Rapid Deconstruct  Erth           0%         3d4*      100%        5
 Bombard                  Conj/Erth      0%         9d1       100%        6


Dungeon Overview and Level Annotations

Branches:
Dungeon (13/15)            Temple (1/1) D:6            Lair (0/5) D:10
    Orc (2/2) D:9         Ossuary (visited)
    Elf: Orc:2       Vaults: D:13-14

Altars:
Ashenzari
Cheibriados
Dithmenos
Elyvilon
Fedhas
Gozag
Hepliaklqana
Kikubaaqudgha
Makhleb
Nemelex Xobeh
Okawaru
Qazlal
Ru
Sif Muna
Trog
Uskayaw
Vehumet
Wu Jian
Xom
Yredelemnul
Zin
The Shining One

Shops:
D:6 *   D:7 *   Orc:1 *


Innate Abilities, Weirdness & Mutations

You are a tree.
Your roots penetrate the ground, keeping you stationary.
You cannot be teleported.
You are immune to unholy pain and torment.
Your maximum health is greatly increased.
Your equipment is partially melded.
((You have a pair of horns on your head.))
((You reflexively headbutt those who attack you in melee.))


Message History

You easily resist.
An orc priest comes into view. It is wielding a +0 club.
The orc priest shouts!
It was a potion of brilliance.
You feel clever all of a sudden.
The orc priest shouts!
The orc warrior is no longer distracted by gold.
The orc warrior completely misses you.
The orc priest hits you with a +0 dagger.
* * * LOW HITPOINT WARNING * * *
The orc priest is distracted by your dazzling golden aura.
It was a potion of enlightenment.
Your roots keep you in place.
The orc priest is no longer distracted by gold.
The orc warrior completely misses you.
The orc warrior hits you but does no damage.
The orc priest hits you but does no damage.
An orc high priest comes into view. It is wielding a +0 mace.
The orc wizard hits you but does no damage.
An orc warrior comes into view. It is wielding a +0 scimitar.
You shoot a bolt. The bolt barely misses the orc wizard.
The bolt closely misses the orc warrior.
The bolt hits the orc wizard.
The orc wizard is moderately wounded.
The orc priest is no longer distracted by gold.
The orc seems to regain its courage.
The orc priest is no longer distracted by gold.
The orc seems to regain its courage.
The orc warrior barely misses you.
The orc warrior hits you but does no damage.
The orc priest completely misses you.
The orc priest is distracted by your dazzling golden aura.
The orc warrior hits you but does no damage.
The orc warrior is distracted by your dazzling golden aura.
The orc priest calls down the wrath of Beogh upon you.
Beogh smites you!
* * * LOW HITPOINT WARNING * * *
The orc priest hits you but does no damage.
The orc high priest invokes the aid of Beogh against you.
Beogh smites you!
You die...
Your body crumbles into a pile of gold.

## ## # #.##..#
##.#... ...o# ...#.
..o.## ..o ###o...##
# #o###.o#....######
##.#♣##..............
#..oooo#......#......
##.#oooo##...........
##...$.oo........#..
##....oo...........
##..##o...........
#...####.....###..
##.## #.#...# #.. ##.
...<...# #..


You could see an orc high priest, 4 orc warriors, 5 orc priests, 3 orc wizards
and 2 orcs.

Vanquished Creatures
  An orc warlord (Orc:1)
  A hydra (D:11)
  A centaur warrior (D:12)
  3 two-headed ogres
  A tengu warrior (D:11)
  An orc high priest (Orc:2)
  An orc knight (D:11)
  Pikel (D:7)
  A deep elf pyromancer (D:12)
  2 cyclopes
  A gargoyle (D:11)
  2 kobold demonologists
  2 komodo dragons
  Jeremiah (D:6)
  Psyche (D:9)
  4 trolls
  2 hornets
  2 wraiths
  A vampire (D:11)
  A wyvern (D:11)
  A basilisk (D:10)
  10 yaks (D:10)
  A warg (Orc:1)
  A water moccasin (D:9)
  Duvessa (D:5)
  2 ice beasts
  14 orc warriors
  A black bear (D:8)
  5 wolves (D:10)
  6 centaurs
  3 ogres
  A lemure (D:7)
  A phantom (D:4)
  An elf zombie (Ossuary)
  5 kobold brigands
  A scorpion (D:6)
  2 gnoll sergeants (D:9)
  A wight (D:7)
  Dowan (D:5)
  3 killer bees (D:9)
  9 howler monkeys
  6 electric eels (D:10)
  6 centaur zombies (Ossuary)
  2 human zombies (Ossuary)
  9 hounds
  4 jellies
  4 orc priests
  A gnoll bouda (D:8)
  5 iguanas
  A sleepcap (D:4)
  11 orc wizards
  A crocodile zombie (Ossuary)
  2 hound zombies (Ossuary)
  3 mummies (Ossuary)
  4 adders
  11 gnolls
  A bombardier beetle (D:6)
  A shadow imp (D:6)
  3 adder zombies (Ossuary)
  4 worms
  4 dart slugs
  39 orcs
  A bat (D:2)
  An endoplasm (D:1)
  3 giant cockroaches
  4 goblins
  2 hobgoblins
  A jackal (D:2)
  4 quokkas
  4 ball pythons
  3 ball python zombies (Ossuary)
  12 frilled lizards
  2 gnoll zombies (Ossuary)
  7 hobgoblin zombies (Ossuary)
  2 jackal zombies (Ossuary)
  11 kobolds
  3 kobold zombies (Ossuary)
  An orc zombie (Ossuary)
  5 quokka zombies (Ossuary)
  3 rats
291 creatures vanquished.

Vanquished Creatures (others)
  A wolf (D:10)
  An orc (D:10)
2 creatures vanquished.

Grand Total: 293 creatures vanquished

Notes
Turn   | Place    | Note
-------+----------+-------------------------------------------
     0 | D:1      | Fodor the Minotaur Fighter began the quest for the Orb.
     0 | D:1      | Reached XP level 1. HP: 19/19 MP: 0/0
   168 | D:1      | Reached XP level 2. HP: 25/27 MP: 1/1
   473 | D:2      | Reached skill level 3 in Axes
   665 | D:2      | Reached XP level 3. HP: 33/33 MP: 2/2
   682 | D:2      | Found a faded altar of an unknown god.
   703 | D:2      | Upgraded the game from 0.31-a0-1321-g5021b54cb2 to
                  | 0.31-a0-1338-gb567cfdca4
  1062 | D:3      | You fall into a shaft and drop 1 floor!
  1464 | D:3      | Reached XP level 4. HP: 31/40 MP: 3/3
  1465 | D:3      | Found a hide-covered altar of Uskayaw.
  1571 | D:3      | Found a shimmering blue altar of Sif Muna.
  1696 | D:4      | Noticed an ogre
  1701 | D:4      | Killed an ogre
  1702 | D:4      | Reached skill level 4 in Axes
  1702 | D:4      | Reached skill level 5 in Shields
  1702 | D:4      | Reached XP level 5. HP: 14/47 MP: 4/4
  1877 | D:4      | Noticed a phantom
  1884 | D:4      | Killed a phantom
  1885 | D:4      | Reached skill level 5 in Axes
  1948 | D:4      | Reached skill level 1 in Dodging
  1948 | D:4      | Reached XP level 6. HP: 47/53 MP: 5/5
  2247 | D:4      | Found a basalt altar of Yredelemnul.
  2302 | D:4      | Found a blossoming altar of Fedhas.
  2589 | D:5      | Entered Level 5 of the Dungeon
  2596 | D:5      | Found an ornate altar of the Wu Jian Council.
  2617 | D:5      | Reached skill level 5 in Armour
  2622 | D:5      | Reached skill level 6 in Axes
  2757 | D:5      | Reached skill level 5 in Fighting
  2768 | D:5      | Reached XP level 7. HP: 51/61 MP: 6/6
  2836 | D:5      | Found a sand-covered staircase.
  2841 | Ossuary  | Entered an ossuary
  2871 | Ossuary  | Reached skill level 7 in Axes
  3065 | Ossuary  | Reached skill level 8 in Axes
  3125 | Ossuary  | Reached XP level 8. HP: 63/69 MP: 7/7
  3466 | D:5      | Identified the +3 scale mail of Indecent Exposure {Rampage
                  | rF+ SInv}
  3515 | D:5      | Noticed Duvessa
  3515 | D:5      | Noticed Dowan
  3524 | D:5      | Killed Dowan
  3525 | D:5      | Reached skill level 9 in Axes
  3531 | D:5      | Killed Duvessa
  3748 | D:6      | Found Boacast's Assorted Antiques.
  3753 | D:6      | Bought a scroll labelled WOLUFA JIUD for 30 gold pieces
  3753 | D:6      | Bought a scroll labelled WOLUFA JIUD for 30 gold pieces
  3753 | D:6      | Bought a scroll labelled VONNA ZUAXI for 30 gold pieces
  3814 | D:6      | Reached skill level 10 in Axes
  4090 | D:6      | Noticed Jeremiah
  4211 | D:6      | Killed Jeremiah
  4212 | D:6      | Reached skill level 11 in Axes
  4487 | D:6      | Found a staircase to the Ecumenical Temple.
  4493 | Temple   | Entered the Ecumenical Temple
  4517 | Temple   | Became a worshipper of Gozag Ym Sagoz the Greedy
  4577 | D:6      | Reached XP level 9. HP: 75/75 MP: 8/8
  4679 | D:6      | Bought a runed broad axe for 210 gold pieces
  4818 | D:6      | Reached skill level 1 in Stealth
  4877 | D:7      | Found a white marble altar of Elyvilon.
  5063 | D:7      | Found Moew's Fire Supplies.
  5069 | D:7      | Bought a wand of flame (1) for 7 gold pieces
  5069 | D:7      | Bought a scroll of immolation for 44 gold pieces
  5166 | D:7      | Reached skill level 12 in Axes
  5629 | D:7      | Noticed Pikel
  5638 | D:7      | Killed Pikel
  5639 | D:7      | Reached skill level 13 in Axes
  6467 | D:9      | Found a staircase to the Orcish Mines.
  6492 | D:9      | Reached skill level 14 in Axes
  6821 | D:9      | Noticed a two-headed ogre
  6830 | D:9      | Killed a two-headed ogre
  6831 | D:9      | Reached XP level 10. HP: 43/86 MP: 9/9
  6835 | D:9      | Reached skill level 15 in Axes
  7113 | D:9      | Found an ancient bone altar of Kikubaaqudgha.
  7140 | D:9      | Noticed a cyclops
  7153 | D:9      | Killed a cyclops
  7431 | D:9      | Found the +7 Kryia's mail coat {PotionHeal*2 rC+}
  7500 | D:9      | Noticed Psyche
  7508 | D:9      | Killed Psyche
  7509 | D:9      | Reached skill level 16 in Axes
  7745 | D:10     | Entered Level 10 of the Dungeon
  7953 | D:10     | Reached skill level 17 in Axes
  7957 | D:10     | Reached skill level 10 in Armour
  8202 | D:10     | Identified the ring "Saemelan" {rPois rC+ Dex+2 SInv}
  8219 | D:10     | Found a staircase to the Lair.
  8322 | D:10     | Reached XP level 11. HP: 89/95 MP: 10/10
  8707 | D:10     | Noticed a two-headed ogre
  8721 | D:10     | Killed a two-headed ogre
  8731 | D:10     | Reached skill level 18 in Axes
  9202 | D:11     | Noticed a two-headed ogre
  9208 | D:11     | Killed a two-headed ogre
  9248 | D:11     | Noticed an orc knight
  9248 | D:11     | Noticed a tengu warrior
  9258 | D:11     | Killed a tengu warrior
  9264 | D:11     | Killed an orc knight
  9265 | D:11     | Reached skill level 10 in Fighting
  9762 | D:11     | Identified the ring "Zoil" {rN+ MP+9}
  9859 | D:11     | Noticed a six-headed hydra
 10186 | D:11     | Killed a 14-headed hydra
 10737 | D:11     | Identified the +3 great sword of Distraction {freeze,
                  | *Noise rPois rC+ Will+}
 11127 | D:12     | Noticed a deep elf pyromancer
 11133 | D:12     | Killed a deep elf pyromancer
 11234 | D:12     | Noticed a centaur warrior
 11247 | D:12     | Killed a centaur warrior
 11248 | D:12     | Reached skill level 1 in Maces & Flails
 11248 | D:12     | Reached XP level 12. HP: 37/110 MP: 11/11
 12311 | D:13     | Noticed a fire dragon
 12645 | Orc:1    | Entered Level 1 of the Orcish Mines
 12685 | Orc:1    | Noticed an orc warlord
 12698 | Orc:1    | HP: 2/111 [orc warrior/+0 long sword[an orc warlord] (9)]
 12701 | Orc:2    | Entered Level 2 of the Orcish Mines
 13002 | Orc:1    | Found Moico's General Store.
 13105 | Orc:1    | HP: 4/111 [orc priest/divine providence[an orc warlord]
                  | (16)]
 13402 | Orc:1    | Reached skill level 5 in Dodging
 13576 | Orc:1    | Killed an orc warlord
 14052 | Orc:1    | Bought a scroll of fear for 44 gold pieces
 14052 | Orc:1    | Bought a wand of digging (5) for 231 gold pieces
 14052 | Orc:1    | Bought a potion of might for 44 gold pieces
 14052 | Orc:1    | Bought a potion of invisibility for 88 gold pieces
 14144 | Orc:2    | Noticed an orc high priest
 14154 | Orc:2    | Killed an orc high priest
 14164 | Orc:2    | Noticed an orc high priest
 14165 | Orc:2    | HP: 5/168 [orc priest/divine providence (13)]
 14165 | Orc:2    | Killed from afar by an orc high priest

Illustrated notes

Levels and vault maps discovered:
D:1:      lemuel_arrival_broad_hall, layout_rooms, grunt_decor_mini_mirrors,
          corexii_corridor_pit
D:2:      layout_loops_cross, hellmonk_ecumenical_altar_heavens_door,
          hangedman_decor_growths, minmay_pentomino_s2
D:3:      layout_basic, mainiacjoe_overflow_catch_the_wave
D:4:      layout_gridville, kennysheep_mini, kennysheep_little_box
D:5:      layout_rooms, mainiacjoe_overflow_brackets, enter_ossuary_2,
          minmay_manual_mares, uniq_duvessa
D:6:      layout_loops_cross, minmay_temple_entry_hall, serial_shops, shop,
          minmay_strange_pillars, amethyst_killhole, minmay_manual_macuahuitl,
          uniq_jeremiah
D:7:      layout_basic, mainiacjoe_overflow_alcove_4, nicolae_shop_fire_sale
          [nicolae_sub_dead_trees], kennysheep_generic_room_9, uniq_pikel
D:8:      layout_loops_ring
D:9:      layout_grid_maze, kiku_gazebo_garden_becter, david_orc_2,
          serial_park_tiny_2, uniq_psyche
D:10:     layout_basic, erik_lair_island, kennysheep_cross_room,
          minmay_lizard_king
D:11:     minmay_tri_box, layout_gridville, nzn_life_drinkers
D:12:     layout_cave_pods
D:13:     minmay_inside_and_out, layout_irregular_city
Temple:   regret_index_temple_generic_petals
Orc:1:    layout_caves, basic_altar, serial_shops, shop
Orc:2:    st_orc_mages, layout_caves, lemuel_statue_altar, mines1_david

Skill      XL: |  1  2  3  4  5  6  7  8  9 10 11 12 |
---------------+-------------------------------------+-----
Armour         | 4 5 7 9 10 11 12 | 12.2
Shields        | 4 5 6 7 8 |  8.7
Axes           | 3 4 5 6 8 11 14 17 18 | 18.0
Fighting       | 4 5 6 7 8 11 | 11.9
Dodging        | 1 2 4 5 |  5.4
Stealth        | 1 2 |  2.1
Maces & Flails | 1 4 |  4.3

Action                     |  1- 3 |  4- 6 |  7- 9 | 10-12 || total
---------------------------+-------+-------+-------+-------++-------
  Melee: War axe           |    93 |    56 |   189 |       ||   338
         Headbutt          |    13 |    10 |    46 |    74 ||   143
         Broad axe         |       |       |    95 |   160 ||   255
         Battleaxe         |       |       |       |    77 ||    77
         Morningstar       |       |       |       |    85 ||    85
         Punch             |       |       |       |     1 ||     1
   Fire: Arbalest          |       |       |       |     4 ||     4
  Evoke: Wand              |       |       |       |     1 ||     1
         Condenser vane    |       |       |       |     1 ||     1
    Use: Potion            |       |     1 |       |    15 ||    16
         Scroll            |       |       |     8 |    11 ||    19
   Stab: Distracted        |       |       |       |     2 ||     2
 Armour: Scale mail        |    72 |    16 |       |   398 ||   486
         Plate armour      |       |    24 |   238 |    20 ||   282
         Skin              |       |       |       |    11 ||    11
  Dodge: Dodged            |    52 |    46 |   130 |   343 ||   571
  Block: Buckler           |    22 |    16 |    71 |    12 ||   121
         Kite shield       |       |       |       |    51 ||    51

Table legend: (Time is in decaauts)
 A = Elapsed time spent in this place.
 B = Non-inter-level travel time spent in this place.
 C = Inter-level travel time spent in this place.
 D = Time resting spent in this place.
 E = Time spent auto-exploring this place.
 F = Levels seen in this place.
 G = Mean time per level.
                   A        B        C        D        E       F      G
               +--------+--------+--------+--------+--------+-----+--------+
         Total |  14261 |  13580 |    681 |   3704 |      0 |  17 |  838.9 |
       Dungeon |  12772 |  12091 |    681 |   3186 |      0 |  13 |  982.5 |
        Temple |     51 |     51 |      0 |      0 |      0 |   1 |   51.0 |
  Orcish Mines |   1113 |   1113 |      0 |    518 |      0 |   2 |  556.5 |
       Ossuary |    323 |    323 |      0 |      0 |      0 |   1 |  323.0 |
               +--------+--------+--------+--------+--------+-----+--------+

Top non-repeatable levels by time:
     D:9: 1771 daAuts
    D:11: 1703 daAuts
    D:12: 1596 daAuts
    D:10: 1527 daAuts
     D:6: 1040 daAuts
     D:4: 1018 daAuts
     D:7: 881 daAuts
     D:5: 857 daAuts
   Orc:1: 777 daAuts
     D:8: 743 daAuts
     D:2: 609 daAuts
     D:3: 540 daAuts
     D:1: 475 daAuts
   Orc:2: 336 daAuts
 Ossuary: 323 daAuts
